TOP OF THE 1ST |
Las Vegas Stars batting - Pitching for Mexico City Cerveceros : RHP Clarence Allen
|
Pitching: RHP Clarence Allen
|
|
Batting: SHB Júlio Salazar
|
0-0: Ball 1-0: Called Strike 1-1: Swinging Strike 1-2: SINGLE (Line Drive, 6M)
|
Batting: RHB Pedro Mata
|
0-0: Ball 1-0: Called Strike 1-1: SINGLE (Line Drive, 9S) Júlio Salazar to second Runner from 2nd tries for 3rd, SAFE, throw made to third
|
Batting: LHB Paco Rivera
|
0-0: SINGLE (Line Drive, 78S) Júlio Salazar scores Pedro Mata to second
|
Batting: SHB Sloan James
|
0-0: Foul Ball, location: 2F 0-1: Foul Ball, location: 2F 0-2: Foul Ball, location: 2F 0-2: Ball 1-2: Ball 2-2: Ball 3-2: Strikes out swinging Pedro Mata steals 3rd base Batter strikes out. Paco Rivera to second
|
Batting: LHB Clint Parkinson
|
0-0: Ball 1-0: Ball 2-0: Ground out 4-3 (Groundball, 34) Pedro Mata scores Paco Rivera to third
|
Batting: RHB Brandon Pope
|
0-0: Ball 1-0: Called Strike 1-1: Fly out, F9 (Flyball, 89M)
|
Top of the 1st over - 2 run(s), 3 hit(s), 0 error(s), 1 left on base; Las Vegas 2 - Mexico City 0 |
BOTTOM OF THE 1ST |
Mexico City Cerveceros batting - Pitching for Las Vegas Stars : RHP Ron Moore
|
Pitching: RHP Ron Moore
|
|
Batting: LHB David Hernández
|
0-0: Ball 1-0: DOUBLE (Line Drive, 89D)
|
Batting: RHB Lee Price
|
0-0: Swinging Strike Passed Ball! David Hernández to third 0-1: Swinging Strike 0-2: Strikes out swinging
|
Batting: LHB John Bond
|
0-0: Ball Passed Ball! David Hernández scores 1-0: Foul Ball, location: 2F 1-1: Reached on error, E5 (Groundball, 56)
|
Batting: LHB Michael Barrett
|
0-0: Ball 1-0: Swinging Strike 1-1: Ball 2-1: Foul Ball, location: 2F 2-2: Ball 3-2: Strikes out looking
|
Batting: SHB George Adams
|
0-0: Ball 1-0: Ball 2-0: Called Strike 2-1: SINGLE (Groundball, 4D) John Bond to third Throwing error, E9 John Bond scores George Adams to second
|
Batting: RHB Ray Ervin
|
0-0: Ball 1-0: Swinging Strike 1-1: Foul Ball, location: 2F 1-2: Hit by Pitch
|
Batting: LHB Juan Torres
|
0-0: Ball 1-0: Ball 2-0: Ball 3-0: Base on Balls George Adams to third Ray Ervin to second
|
Batting: SHB Pancho Vásquez
|
0-0: Called Strike 0-1: Ball 1-1: Ball 2-1: Fly out, F7 (Flyball, 7)
|
Bottom of the 1st over - 2 run(s), 2 hit(s), 2 error(s), 3 left on base; Las Vegas 2 - Mexico City 2 |
TOP OF THE 2ND |
Las Vegas Stars batting - Pitching for Mexico City Cerveceros : RHP Clarence Allen
|
Batting: RHB Jonathan MacVey
|
0-0: Ball 1-0: Ball 2-0: Foul Ball, location: 2F 2-1: Ball 3-1: Base on Balls
|
Batting: LHB Nathan Frey
|
0-0: Called Strike 0-1: Foul Ball, location: 2F 0-2: Ball 1-2: Fly out, F4 (Line Drive, 4)
|
Batting: RHB Bobby Miller
|
0-0: Called Strike 0-1: Fielders Choice at 2nd, 1-4 (Groundball, 15S)
|
Batting: SHB Júlio Salazar
|
0-0: Ball 1-0: Ball 2-0: Called Strike 2-1: Called Strike 2-2: Ball 3-2: SINGLE (Line Drive, 8LS) Bobby Miller to second Bobby Miller to third
|
Batting: RHB Pedro Mata
|
0-0: Ball 1-0: Fielders Choice at 2nd, 4-6 (Groundball, 4)
|
Top of the 2nd over - 0 run(s), 1 hit(s), 0 error(s), 1 left on base; Las Vegas 2 - Mexico City 2 |
BOTTOM OF THE 2ND |
Mexico City Cerveceros batting - Pitching for Las Vegas Stars : RHP Ron Moore
|
Batting: SHB Scott Compton
|
0-0: Called Strike 0-1: Fly out, F9 (Flyball, 89XD)
|
Batting: LHB David Hernández
|
0-0: Ball 1-0: Called Strike 1-1: Foul Ball, location: 2F 1-2: Foul Ball, location: 2F 1-2: Ball 2-2: SINGLE (Flyball, 9S)
|
Batting: RHB Lee Price
|
0-0: Grounds into double play, 6-4-3 (Groundball, 6)
|
Bottom of the 2nd over - 0 run(s), 1 hit(s), 0 error(s), 0 left on base; Las Vegas 2 - Mexico City 2 |
TOP OF THE 3RD |
Las Vegas Stars batting - Pitching for Mexico City Cerveceros : RHP Clarence Allen
|
Batting: LHB Paco Rivera
|
0-0: SOLO HOME RUN (Flyball, 9LD), Distance : 324 ft
|
Batting: SHB Sloan James
|
0-0: Called Strike 0-1: Swinging Strike 0-2: Ball 1-2: Strikes out swinging
|
Batting: LHB Clint Parkinson
|
0-0: Ball 1-0: Foul Ball, location: 2F 1-1: SOLO HOME RUN (Flyball, 89XD), Distance : 400 ft
|
Batting: RHB Brandon Pope
|
0-0: Swinging Strike 0-1: Foul Ball, location: 2F 0-2: Foul Ball, location: 2F 0-2: Ground out 4-3 (Groundball, 4)
|
Batting: RHB Jonathan MacVey
|
0-0: Ball 1-0: Swinging Strike 1-1: Ball 2-1: Called Strike 2-2: Strikes out swinging
|
Top of the 3rd over - 2 run(s), 2 hit(s), 0 error(s), 0 left on base; Las Vegas 4 - Mexico City 2 |
BOTTOM OF THE 3RD |
Mexico City Cerveceros batting - Pitching for Las Vegas Stars : RHP Ron Moore
|
Batting: LHB John Bond
|
0-0: Foul Ball, location: 2F 0-1: Ground out 6-3 (Groundball, 6)
|
Batting: LHB Michael Barrett
|
0-0: Foul Ball, location: 2F 0-1: Ball 1-1: SINGLE (Groundball, 4MS) (infield hit)
|
Batting: SHB George Adams
|
0-0: Called Strike 0-1: Ball 1-1: Called Strike 1-2: Ball 2-2: Foul Ball, location: 2F 2-2: Foul Ball, location: 2F 2-2: Ball 3-2: Strikes out looking
|
Batting: RHB Ray Ervin
|
0-0: Ball 1-0: Called Strike 1-1: Reached on error, E6 (Groundball, 6) Michael Barrett to second
|
Batting: LHB Juan Torres
|
0-0: Ball 1-0: Reached on error, E4 (Groundball, 4) Michael Barrett to third Ray Ervin to second
|
Batting: SHB Pancho Vásquez
|
0-0: Swinging Strike 0-1: Ball 1-1: Swinging Strike 1-2: Ground out 2-3 (Groundball, 15S)
|
Bottom of the 3rd over - 0 run(s), 1 hit(s), 2 error(s), 3 left on base; Las Vegas 4 - Mexico City 2 |
TOP OF THE 4TH |
Las Vegas Stars batting - Pitching for Mexico City Cerveceros : RHP Clarence Allen
|
Batting: LHB Nathan Frey
|
0-0: Ball 1-0: Called Strike 1-1: Ball 2-1: Foul Ball, location: 2F 2-2: Ball 3-2: Hit by Pitch
|
Pinch Runner at 1st León Rivera:
|
|
Batting: RHB Bobby Miller
|
0-0: Ball León Rivera steals 2nd base 1-0: Swinging Strike 1-1: Ball 2-1: Called Strike 2-2: Foul Ball, location: 2F 2-2: Strikes out swinging
|
Batting: SHB Júlio Salazar
|
0-0: Called Strike 0-1: Ball 1-1: Ground out 4-3 (Groundball, 4) León Rivera to third
|
Batting: RHB Pedro Mata
|
0-0: Ball 1-0: Ball 2-0: Ball 3-0: Called Strike 3-1: Ground out 6-3 (Groundball, 6S)
|
Top of the 4th over - 0 run(s), 0 hit(s), 0 error(s), 1 left on base; Las Vegas 4 - Mexico City 2 |
BOTTOM OF THE 4TH |
Mexico City Cerveceros batting - Pitching for Las Vegas Stars : RHP Ron Moore
|
Now in RF: León Rivera
|
|
Batting: SHB Scott Compton
|
0-0: Ground out 4-3 (Groundball, 4)
|
Batting: LHB David Hernández
|
0-0: Called Strike 0-1: Called Strike 0-2: Ball 1-2: Ball 2-2: Foul Ball, location: 2F 2-2: SINGLE (Groundball, 4S) (infield hit)
|
Batting: RHB Lee Price
|
0-0: Ball 1-0: Called Strike David Hernández steals 2nd base 1-1: Ball 2-1: Ball 3-1: Ground out 6-3 (Groundball, 6) David Hernández to third
|
Batting: LHB John Bond
|
0-0: Called Strike 0-1: Ball 1-1: Swinging Strike 1-2: Strikes out swinging
|
Bottom of the 4th over - 0 run(s), 1 hit(s), 0 error(s), 1 left on base; Las Vegas 4 - Mexico City 2 |
TOP OF THE 5TH |
Las Vegas Stars batting - Pitching for Mexico City Cerveceros : RHP Clarence Allen
|
Batting: LHB Paco Rivera
|
0-0: SINGLE (Line Drive, 7LS)
|
Batting: SHB Sloan James
|
0-0: Ball 1-0: Foul Ball, location: 2F 1-1: Foul Ball, location: 2F 1-2: Ball 2-2: Foul Ball, location: 2F 2-2: Strikes out swinging
|
Batting: LHB Clint Parkinson
|
0-0: Ball 1-0: Ball 2-0: Grounds into double play, 6-4-3 (Groundball, 6)
|
Top of the 5th over - 0 run(s), 1 hit(s), 0 error(s), 0 left on base; Las Vegas 4 - Mexico City 2 |
BOTTOM OF THE 5TH |
Mexico City Cerveceros batting - Pitching for Las Vegas Stars : RHP Ron Moore
|
Batting: LHB Michael Barrett
|
0-0: Ball 1-0: Called Strike 1-1: Reaches on Catchers interference
|
Batting: SHB George Adams
|
0-0: Ball 1-0: Ball 2-0: Ball 3-0: Foul Ball, location: 2F 3-1: Swinging Strike 3-2: Foul Ball, location: 2F 3-2: Base on Balls Michael Barrett to second
|
Batting: RHB Ray Ervin
|
0-0: Called Strike 0-1: Ball 1-1: Ball 2-1: Foul Ball, location: 2F 2-2: Fly out, F7 (Line Drive, 7D)
|
Batting: LHB Juan Torres
|
0-0: Ball 1-0: Foul Ball, location: 2F 1-1: Called Strike 1-2: Strikes out looking
|
Batting: SHB Pancho Vásquez
|
0-0: Ball 1-0: Ball 2-0: Hit by Pitch Michael Barrett to third George Adams to second
|
Batting: SHB Scott Compton
|
0-0: Ball 1-0: Called Strike 1-1: Swinging Strike 1-2: Strikes out looking
|
Bottom of the 5th over - 0 run(s), 0 hit(s), 1 error(s), 3 left on base; Las Vegas 4 - Mexico City 2 |
TOP OF THE 6TH |
Las Vegas Stars batting - Pitching for Mexico City Cerveceros : RHP Clarence Allen
|
Batting: RHB Brandon Pope
|
0-0: Called Strike 0-1: Swinging Strike 0-2: Foul Ball, location: 2F 0-2: Ball 1-2: Ball 2-2: Ground out 1-3 (Groundball, P)
|
Batting: RHB Jonathan MacVey
|
0-0: Ball 1-0: Ball 2-0: Swinging Strike 2-1: Ball 3-1: Base on Balls
|
Pitching: RHP Tex Perkins
|
|
Batting: RHB León Rivera
|
0-0: Ball 1-0: Called Strike 1-1: Ball 2-1: Swinging Strike 2-2: Foul Ball, location: 2F 2-2: Strikes out swinging
|
Batting: RHB Bobby Miller
|
0-0: Called Strike 0-1: Called Strike 0-2: Fielders Choice at 2nd, 5-4 (Groundball, 56)
|
Top of the 6th over - 0 run(s), 0 hit(s), 0 error(s), 0 left on base; Las Vegas 4 - Mexico City 2 |
BOTTOM OF THE 6TH |
Mexico City Cerveceros batting - Pitching for Las Vegas Stars : RHP Ron Moore
|
Pitching: RHP Roberto Moreno
|
|
Batting: LHB David Hernández
|
0-0: Ball 1-0: Ball 2-0: Ball 3-0: Foul Ball, location: 2F 3-1: Called Strike 3-2: Strikes out swinging
|
Batting: RHB Lee Price
|
0-0: Foul Ball, location: 2F 0-1: Swinging Strike 0-2: Foul Ball, location: 2F 0-2: Ball 1-2: Ball 2-2: Strikes out swinging
|
Batting: LHB John Bond
|
0-0: Fly out, F6 (Line Drive, 6)
|
Bottom of the 6th over - 0 run(s), 0 hit(s), 0 error(s), 0 left on base; Las Vegas 4 - Mexico City 2 |
TOP OF THE 7TH |
Las Vegas Stars batting - Pitching for Mexico City Cerveceros : RHP Tex Perkins
|
Batting: SHB Júlio Salazar
|
0-0: Ball 1-0: Ball 2-0: Called Strike 2-1: Ball 3-1: Called Strike 3-2: Foul Ball, location: 2F 3-2: Strikes out looking
|
Batting: RHB Pedro Mata
|
0-0: Ball 1-0: Called Strike 1-1: Ball 2-1: Ball 3-1: Base on Balls
|
Batting: LHB Paco Rivera
|
0-0: Ball 1-0: Called Strike 1-1: Ball 2-1: Ball 3-1: Base on Balls Pedro Mata to second
|
Batting: SHB Sloan James
|
Balk! Pedro Mata to third Paco Rivera to second 0-0: Ball 1-0: Foul Ball, location: 2F 1-1: Foul Ball, location: 2F 1-2: Ball 2-2: Strikes out looking
|
Batting: LHB Clint Parkinson
|
0-0: Ball 1-0: Fly out, F7 (Flyball, 7)
|
Top of the 7th over - 0 run(s), 0 hit(s), 0 error(s), 2 left on base; Las Vegas 4 - Mexico City 2 |
BOTTOM OF THE 7TH |
Mexico City Cerveceros batting - Pitching for Las Vegas Stars : RHP Roberto Moreno
|
Batting: LHB Michael Barrett
|
0-0: Called Strike 0-1: Ball 1-1: Ball 2-1: Ball 3-1: Base on Balls
|
Batting: SHB George Adams
|
0-0: Ball 1-0: Foul Ball, location: 2F 1-1: Foul Ball, location: 2F 1-2: Ball 2-2: SINGLE (Groundball, 4D) Michael Barrett to second Runner from 2nd tries for 3rd, SAFE, throw made to third George Adams to second
|
Batting: RHB Ray Ervin
|
0-0: Ball 1-0: Ball 2-0: Foul Ball, location: 2F 2-1: SINGLE (Groundball, 6MD) Michael Barrett scores George Adams to third Runner from 3rd tries for Home, SAFE, no throw
|
Pitching: RHP Júlio Sandoval
|
|
Pinch Hitting: LHB Brandon Cummings
|
0-0: 2-RUN HOME RUN (Flyball, 89XD), Distance : 454 ft
|
Batting: SHB Pancho Vásquez
|
0-0: Ball 1-0: Ball 2-0: Called Strike 2-1: Ball 3-1: Base on Balls
|
Batting: SHB Scott Compton
|
0-0: Ball 1-0: Sac Bunt - play at first, batter OUT! 3-4 Pancho Vásquez to second
|
Batting: LHB David Hernández
|
0-0: Ball 1-0: Ground out U3 (Groundball, 3) Pancho Vásquez to third
|
Batting: RHB Lee Price
|
0-0: Ball 1-0: Ball 2-0: Ball 3-0: Called Strike 3-1: Base on Balls
|
Batting: LHB John Bond
|
0-0: Ball 1-0: SINGLE (Groundball, 34D) Pancho Vásquez scores Lee Price to second Runner from 2nd tries for 3rd, SAFE, throw made to third
|
Batting: LHB Michael Barrett
|
0-0: Ball 1-0: Called Strike 1-1: Swinging Strike 1-2: Strikes out swinging
|
Bottom of the 7th over - 5 run(s), 4 hit(s), 0 error(s), 2 left on base; Las Vegas 4 - Mexico City 7 |
TOP OF THE 8TH |
Las Vegas Stars batting - Pitching for Mexico City Cerveceros : RHP Tex Perkins
|
Now in LF: Brandon Cummings
|
|
Batting: RHB Brandon Pope
|
0-0: Ball 1-0: Ball 2-0: Foul Ball, location: 2F 2-1: Swinging Strike 2-2: Ball 3-2: Strikes out looking
|
Batting: RHB Jonathan MacVey
|
0-0: Foul Ball, location: 2F 0-1: Swinging Strike 0-2: Ball 1-2: Ball 2-2: Ball 3-2: Base on Balls
|
Pitching: RHP Troy Hawkins
|
|
Batting: RHB León Rivera
|
0-0: Fly out, F8 (Flyball, 78S)
|
Batting: RHB Bobby Miller
|
0-0: Ground out 4-3 (Groundball, 4MS)
|
Top of the 8th over - 0 run(s), 0 hit(s), 0 error(s), 1 left on base; Las Vegas 4 - Mexico City 7 |
BOTTOM OF THE 8TH |
Mexico City Cerveceros batting - Pitching for Las Vegas Stars : RHP Júlio Sandoval
|
Pitching: RHP Pepe Vázquez
|
|
Batting: SHB George Adams
|
0-0: Swinging Strike 0-1: Foul Ball, location: 2F 0-2: Foul Ball, location: 2F 0-2: Ball 1-2: Foul Ball, location: 2F 1-2: Strikes out looking
|
Batting: RHB Ray Ervin
|
0-0: Called Strike 0-1: Ball 1-1: Foul Ball, location: 2F 1-2: Foul Ball, location: 2F 1-2: Ball 2-2: SINGLE (Groundball, 56D)
|
Batting: LHB Brandon Cummings
|
0-0: Foul Ball, location: 2F 0-1: DOUBLE (Flyball, 89XD) Ray Ervin to third
|
Batting: SHB Pancho Vásquez
|
0-0: Fly out, F8 (Line Drive, 8RS) Runner from 3rd tags up, SCORES, no throw
|
Batting: SHB Scott Compton
|
0-0: Ball 1-0: Called Strike 1-1: Foul Ball, location: 2F 1-2: Fly out, F8 (Flyball, 8RS)
|
Bottom of the 8th over - 1 run(s), 2 hit(s), 0 error(s), 1 left on base; Las Vegas 4 - Mexico City 8 |
TOP OF THE 9TH |
Las Vegas Stars batting - Pitching for Mexico City Cerveceros : RHP Troy Hawkins
|
Batting: SHB Júlio Salazar
|
0-0: Ball 1-0: Ball 2-0: Called Strike 2-1: SINGLE (Flyball, 7LS)
|
Batting: RHB Pedro Mata
|
0-0: Called Strike 0-1: Ball 1-1: Foul Ball, location: 2F 1-2: Ball 2-2: SINGLE (Groundball, 5D) Júlio Salazar to second
|
Pitching: RHP Wayne Walker
|
|
Batting: LHB Paco Rivera
|
0-0: SINGLE (Line Drive, 8LS) Júlio Salazar to third Pedro Mata to second
|
Batting: SHB Sloan James
|
0-0: Foul Ball, location: 2F 0-1: SINGLE (Line Drive, 8LS) Júlio Salazar scores Pedro Mata to third Paco Rivera to second
|
Batting: LHB Clint Parkinson
|
0-0: Called Strike 0-1: Swinging Strike 0-2: Ball 1-2: Foul Ball, location: 2F 1-2: Ball 2-2: Ball 3-2: Strikes out swinging
|
Batting: RHB Brandon Pope
|
0-0: Ball 1-0: Grounds into double play, 4-6-3 (Groundball, 4)
|
Top of the 9th over - 1 run(s), 4 hit(s), 0 error(s), 2 left on base; Las Vegas 5 - Mexico City 8 |
|